 Dungeon Crawl Stone Soup version 0.31-a0-833-gc15d34cb79 (webtiles) character file.

Game seed: 11690580431563648423

19 lunkers the Digger (level 3, -10/26 HPs)
             Began as a Meteoran Earth Elementalist on Sept 25, 2023.
             Mangled by a lorocyproca (36 damage)
             ... on level 1 of the Abyss.
             The game lasted 00:02:20 (601 turns).

lunkers the Digger (Meteoran Earth Elementalist)     Turns: 601, Time: 00:02:21

Health: -10/26     AC:  3    Str:  9    XL:     3   Next: 11%
Magic:  8/8        EV: 13    Int: 19    God:
Gold:   95         SH:  0    Dex: 20    Spells: 2/8 levels left

rFire   . . .        (no weapon)
rCold   . . .        (no shield)
rNeg    . . .        a - +0 robe
rPois   .            (no helmet)
rElec   .            (no cloak)
rCorr   .            f - +0 pair of gloves
SInv    .            (no boots)
Will    .....        (no amulet)
Stlth   +            l - +6 ring of dexterity
HPRegen 0.24/turn    (no ring)
MPRegen 0.11/turn

%: no passive effects
@: glowing
A: sense surroundings 1, otherworldly, glowing, explore regen
a: no special abilities


You were on level 1 of the Abyss.
You visited 1 branch of the dungeon, and saw 2 of its levels.
You visited the Abyss 1 time.

You collected 95 gold pieces.

Inventory:

Armour
 a - a +0 robe (worn)
 f - a +0 pair of gloves (worn)
Jewellery
 e - an amulet of faith
 l - a +6 ring of dexterity (left hand)
Scrolls
 c - a scroll of butterflies {unknown}
 h - a scroll of amnesia {unknown}
Potions
 b - a potion of magic
 d - a potion of haste {unknown}
 g - 2 potions of ambrosia {unknown}
 i - 2 potions of curing {unknown}
 j - a potion of degeneration {unknown}
 k - a potion of lignification {unknown}


   Skills:
 - Level 2.1 Dodging
 - Level 1.4 Stealth
 + Level 3.2 Spellcasting
 - Level 1.2 Transmutations
 * Level 4.4 Earth Magic


You had 2 spell levels left.
You knew the following spells:

 Your Spells              Type           Power      Damage    Failure   Level
a - Sandblast             Erth           38%        2d10      2%          1
b - Passwall              Tmut/Erth      10%        N/A       7%          2
c - Stone Arrow           Conj/Erth      22%        3d8       19%         3

Your spell library contained the following spells:

 Spells                   Type           Power      Damage    Failure   Level
 Petrify                  Tmut/Erth      13%        N/A       43%         4
 Brom's Barrelling Bould  Conj/Erth      11%        2d3       52%         4


Dungeon Overview and Level Annotations

Branches:
Dungeon (2/15) Zot: 687

Altars:

Annotations:
D:2 Terence


Innate Abilities, Weirdness & Mutations

You passively map a small area around you.
You are easily found by Zot.
You glow in the dark.
You regain HP and MP as you explore.


Message History

Found a scroll labelled LYMOTISHAA.
Terence shouts!
You feel agile.
l - a +6 ring of dexterity (left hand) Terence zaps a wand.
You turn into a sentient fungus.
Your +0 pair of gloves melds into your body.
Your +0 robe melds into your body.
You can't do that in your present form.
You're too terrified to move while being watched!
Okay, then.
You can't do that in your present form.
Okay, then.
You can't do that in your present form.
You can't do that in your present form.
Terence misses you.
You're too terrified to move while being watched!
You're too terrified to move while being watched!
Terence hits you but does no damage.
You blink.
You're too terrified to move while being watched!
Terence closely misses you. Terence hits you but does no damage.
You're too terrified to move while being watched!
Your transformation is almost over.
Terence hits you but does no damage. Space warps around you!
Terence hits you but does no damage.
You are cast into the Abyss!
This branch contains the abyssal rune of Zot.
Found a gateway leading deeper into the Abyss.
Unknown command.
You stop sporulating.
Your +0 pair of gloves unmelds from your body.
Your +0 robe unmelds from your body.
You are suddenly pulled into a different region of the Abyss!
Found a gateway leading deeper into the Abyss.
A white imp appears in a shower of sparks.
A small abomination comes into view.
You hear a chilling moan.
Something hits you!!!
Ouch! That really hurt!
You die...

..... #####...# #
...#... # # ##.....# .#
.# # .# #......##.#
.#.. #.#. #........#
..#..#.#.#####.....#.#
#.##.#.....#....@...#.#
..###.....#..#.......#
..#.# .....##...#...##
...#.##.#...#.....###
#.....##.....#...##
##...#...#...#.#
...#.......###.#..# ..
.##..#### ##...#
.#..#.#.### #..#


There were no monsters in sight!

Vanquished Creatures
  3 endoplasms (D:1)
  3 goblins (D:1)
  3 hobgoblins (D:1)
  A quokka (D:1)
  2 ball pythons (D:1)
  3 frilled lizards (D:1)
  A kobold (D:2)
  A rat (D:2)
17 creatures vanquished.

Vanquished Creatures (others)
  A bat (D:2)
1 creature vanquished.

Grand Total: 18 creatures vanquished

Notes
Turn   | Place    | Note
-------+----------+-------------------------------------------
     0 | D:1      | lunkers the Meteoran Earth Elementalist began the quest for
                  | the Orb.
     0 | D:1      | Reached XP level 1. HP: 14/14 MP: 5/5
    49 | D:1      | Reached XP level 2. HP: 20/20 MP: 3/6
    74 | D:1      | Reached skill level 4 in Earth Magic
   156 | D:1      | Found a faded altar of an unknown god.
   302 | D:1      | Reached XP level 3. HP: 26/26 MP: 4/8
   332 | D:1      | Learned a level 2 spell: Passwall
   336 | D:1      | Learned a level 3 spell: Stone Arrow
   488 | D:2      | Noticed Terence
   499 | Abyss:1  | Cast into level 1 of the Abyss (Terence)
   586 | Abyss:1  | Noticed a small abomination
   601 | Abyss:1  | Mangled by a lorocyproca

Illustrated notes

Levels and vault maps discovered:
D:1:      orjb1_lava_funnel, layout_basic, basic_ecumenical_altar,
          minmay_pentomino_v4
D:2:      layout_loops_corners, lemuel_flame_loot_1, uniq_terence
Abyss:1:  base:
Temple

Skill      XL: |  1  2 |
---------------+-------+-----
Earth Magic    | 4 |  4.4
Spellcasting   | 3 |  3.2
Dodging        | |  2.1
Stealth        | |  1.4
Transmutations | |  1.2

Action                     || total
---------------------------++-------
   Cast: Sandblast         ||    27
 Armour: Robe              ||     2
         Skin              ||     4
  Dodge: Dodged            ||     3

Table legend: (Time is in decaauts)
 A = Elapsed time spent in this place.
 B = Non-inter-level travel time spent in this place.
 C = Inter-level travel time spent in this place.
 D = Time resting spent in this place.
 E = Time spent auto-exploring this place.
 F = Levels seen in this place.
 G = Mean time per level.
                   A        B        C        D        E       F      G
               +--------+--------+--------+--------+--------+-----+--------+
         Total |    613 |    598 |     15 |      0 |    387 |   3 |  204.3 |
       Dungeon |    511 |    496 |     15 |      0 |    348 |   2 |  255.5 |
         Abyss |    101 |    101 |      0 |      0 |     39 |   1 |  101.0 |
               +--------+--------+--------+--------+--------+-----+--------+

Top non-repeatable levels by time:
     D:1: 402 daAuts
     D:2: 109 daAuts
 Abyss:1: 101 daAuts
